[Event "45th FIDE Womens Olympiad 2024"]
[Site "Budapest"]
[Date "2024.09.12"]
[Round "2.81"]
[White "Kosteniuk, Alexandra"]
[Black "Partac, Elena"]
[Result "1-0"]
[ECO "C10"]
[WhiteElo "2483"]
[BlackElo "2078"]
[Annotator "TA"]
[PlyCount "37"]
[EventDate "2024.09.05"]
[EventType "team-tourn"]
[EventCountry "HUN"]
[SourceTitle "playchess.com"]
[Source "ChessBase"]
[SourceQuality "1"]
[WhiteTeam "Switzerland"]
[BlackTeam "Moldova"]
[WhiteTeamCountry "SUI"]
[BlackTeamCountry "MDA"]
[TimeControl "40/5400+30:1800+30"]

1. e4 e6 2. d4 d5 3. Nc3 dxe4 4. Nxe4 Bd7 5. Nf3 Bc6 6. Qe2 Nd7 7. Bd2 Ngf6 8. Ng3 {The position is equal.} Bxf3 9. Qxf3 c5 10. dxc5 Bxc5 11. b4 Bd4 12. c3 Bb6 13. Rd1 Qc7 14. c4 {[#] Hoping for c5.} Ne5 15. Qb3 {Black must now prevent c5.} Nc6 (15... Bd4 $11 {keeps the balance.} 16. Be2 O-O) 16. c5 $16 Qe5+ 17. Be2 {[%cal Od2c3] Strongly threatening Bc3!} Nd4 $2 {[#]} (17... Bc7 $16) 18. Bc3 $18 O-O-O $2 (18... Qxe2+ 19. Nxe2 Nxb3) 19. cxb6 {Weighted Error Value: White=0.13 (very precise) /Black=0.68.  Loses game:     	---       	Black=1      Mistake:       	---       	Black=2      Inaccurate:     	White=2     	Black=1      OK:         	White=4     	Black=5      Best:        	White=2     	Black=1} 1-0

[Event "45th FIDE Womens Olympiad 2024"]
[Site "Budapest"]
[Date "2024.09.12"]
[Round "2.82"]
[White "Verbin, Valentina"]
[Black "Hakimifard, Ghazal"]
[Result "1/2-1/2"]
[ECO "E11"]
[WhiteElo "2071"]
[BlackElo "2192"]
[Annotator "ChessBase"]
[PlyCount "77"]
[EventDate "2024.09.05"]
[EventType "team-tourn"]
[EventCountry "HUN"]
[SourceTitle "playchess.com"]
[Source "ChessBase"]
[SourceQuality "1"]
[WhiteTeam "Moldova"]
[BlackTeam "Switzerland"]
[WhiteTeamCountry "MDA"]
[BlackTeamCountry "SUI"]
[TimeControl "40/5400+30:1800+30"]

1. d4 Nf6 2. c4 e6 3. g3 d5 4. Nf3 Bb4+ 5. Bd2 Be7 6. Bg2 c6 7. Qc2 Nbd7 8. O-O O-O 9. b3 Ne4 10. Nc3 Nxd2 11. Nxd2 Bf6 12. Nf3 Qa5 13. e4 e5 14. exd5 exd4 15. Ne4 cxd5 16. cxd5 Qxd5 17. Rfd1 d3 18. Nxf6+ Nxf6 19. Rxd3 Bf5 20. Rxd5 Bxc2 21. Rb5 Be4 22. Ne5 Bxg2 23. Kxg2 Rfe8 24. Nc4 b6 25. a4 Ne4 26. a5 Nc3 27. Rf5 bxa5 28. Rfxa5 Rab8 29. Rxa7 Rxb3 30. Re1 Rbb8 31. Rxe8+ Rxe8 32. Nd6 Rf8 33. Ra5 g6 34. Kf3 Rd8 35. Rc5 Rxd6 36. Rxc3 Kg7 37. g4 h6 38. h4 Rd5 39. Rc6 1/2-1/2

[Event "45th FIDE Womens Olympiad 2024"]
[Site "Budapest"]
[Date "2024.09.12"]
[Round "2.83"]
[White "Hryzlova, Sofiia"]
[Black "Mihailova, Alina"]
[Result "1-0"]
[ECO "D35"]
[WhiteElo "2188"]
[BlackElo "1969"]
[Annotator "ChessBase"]
[PlyCount "65"]
[EventDate "2024.09.05"]
[EventType "team-tourn"]
[EventCountry "HUN"]
[SourceTitle "playchess.com"]
[Source "ChessBase"]
[SourceQuality "1"]
[WhiteTeam "Switzerland"]
[BlackTeam "Moldova"]
[WhiteTeamCountry "SUI"]
[BlackTeamCountry "MDA"]
[TimeControl "40/5400+30:1800+30"]

1. d4 d5 2. c4 e6 3. Nc3 Nf6 4. cxd5 exd5 5. Bg5 Be7 6. e3 O-O 7. Bd3 Re8 8. Nge2 c6 9. O-O h6 10. Bh4 a5 11. f3 b5 12. Rc1 Nbd7 13. Bf2 Nb6 14. Ng3 Bd7 15. Kh1 Rc8 16. e4 dxe4 17. fxe4 b4 18. Nce2 Ng4 19. Bg1 Bg5 20. Nf4 Nf6 21. Rc5 Ra8 22. Qf3 Rf8 23. Nf5 Na4 24. Rc2 Bxf5 25. exf5 Bxf4 26. Qxf4 Nd5 27. Qc1 Rc8 28. Be4 Qd7 29. f6 Qd6 30. fxg7 Kxg7 31. h3 Nab6 32. Bf5 Rce8 33. Rxc6 1-0

[Event "45th FIDE Womens Olympiad 2024"]
[Site "Budapest"]
[Date "2024.09.12"]
[Round "2.84"]
[White "Bargan, Victoria"]
[Black "Manko, Mariia"]
[Result "0-1"]
[ECO "D38"]
[WhiteElo "1941"]
[BlackElo "2159"]
[Annotator "ChessBase"]
[PlyCount "80"]
[EventDate "2024.09.05"]
[EventType "team-tourn"]
[EventCountry "HUN"]
[SourceTitle "playchess.com"]
[Source "ChessBase"]
[SourceQuality "1"]
[WhiteTeam "Moldova"]
[BlackTeam "Switzerland"]
[WhiteTeamCountry "MDA"]
[BlackTeamCountry "SUI"]
[TimeControl "40/5400+30:1800+30"]

1. d4 Nf6 2. c4 e6 3. Nc3 d5 4. cxd5 exd5 5. Bg5 Bb4 6. e3 h6 7. Bxf6 Qxf6 8. Nf3 O-O 9. Qb3 c5 10. Be2 Nc6 11. O-O c4 12. Qc2 Bf5 13. Qa4 Rfd8 14. a3 Bxc3 15. bxc3 a6 16. Ra2 b5 17. Qd1 a5 18. Qa1 Rab8 19. Nd2 Qg6 20. Bf3 b4 21. Re1 Bd3 22. axb4 axb4 23. Ra6 b3 24. Qb2 Ra8 25. Rea1 Rxa6 26. Rxa6 Qe6 27. Nb1 f5 28. g3 f4 29. e4 dxe4 30. Bh1 f3 31. Nd2 Kh7 32. h4 Qc8 33. Ra4 Nxd4 34. Nxc4 Ne2+ 35. Kh2 Bxc4 36. Bxf3 exf3 37. Qb1+ Kh8 38. Qe4 Ng1 39. g4 Qc7+ 40. Kh1 Nh3 0-1

[Event "45th FIDE Womens Olympiad 2024"]
[Site "Budapest"]
[Date "2024.09.12"]
[Round "2.85"]
[White "Noshin, Anjum"]
[Black "Bulmaga, Irina"]
[Result "1/2-1/2"]
[ECO "B90"]
[WhiteElo "2085"]
[BlackElo "2406"]
[Annotator "TA"]
[PlyCount "110"]
[EventDate "2024.09.05"]
[EventType "team-tourn"]
[EventCountry "HUN"]
[SourceTitle "playchess.com"]
[Source "ChessBase"]
[SourceQuality "1"]
[WhiteTeam "Bangladesh"]
[BlackTeam "Romania"]
[WhiteTeamCountry "BAN"]
[BlackTeamCountry "ROU"]
[TimeControl "40/5400+30:1800+30"]

1. e4 c5 2. Nf3 d6 3. d4 cxd4 4. Nxd4 Nf6 5. Nc3 a6 6. f3 e5 7. Nb3 Be6 8. Be3 Nbd7 9. g4 Nb6 10. g5 Nh5 11. Qd2 Be7 12. Nd5 (12. O-O-O $14) 12... Nxd5 13. exd5 {Black is slightly better.} Bf5 14. Rg1 O-O 15. O-O-O Rc8 16. Bd3 Bxd3 17. Qxd3 b5 18. Qd2 f5 19. gxf6 (19. g6 $11) 19... Rxf6 $15 20. Qg2 Qc7 21. Rd2 (21. c3 $15 {feels stronger.} Qd7 22. Nd2) 21... Rg6 (21... Rcf8 $17 22. Rf1 Bd8) 22. Qf1 Qc4 23. Kb1 Qxf1+ 24. Rxf1 Rf8 25. Na5 Bh4 26. a4 Rgf6 $17 27. axb5 axb5 (27... Rxf3 $2 {perishes.} 28. Rxf3 Rxf3 29. bxa6 $18) 28. c4 bxc4 29. Nxc4 e4 {[#]} ({But not} 29... Rxf3 30. Rxf3 Rxf3 31. b4 $11) (29... Nf4 $15) 30. f4 $1 Bg5 (30... Nxf4 31. Nxd6) 31. Rd4 Nxf4 32. Rxe4 Nxd5 33. Rxf6 Nxf6 34. Rd4 Bxe3 35. Nxe3 $15 {[%mdl 4096] Endgame. KRN-KRN} Re8 36. Nd5 Ne4 ({Black should play} 36... Nxd5 $17 37. Rxd5 Re6) 37. b4 Kf7 38. Kb2 g5 39. b5 Nc5 {...Re2+ is the strong threat.} 40. b6 Re2+ 41. Kc3 ({Better is} 41. Kb1 $15) 41... Ke6 (41... Rxh2 $17 {...Rh4 would now be deadly.} 42. Rb4 Rh3+ 43. Kc4 Ke6) 42. Nc7+ Kd7 43. h4 h6 44. hxg5 hxg5 45. Nb5 Re6 46. Rg4 Re5 {Black wants to play ...Ne4+.} 47. Nd4 (47. Na7 $5) 47... Ne4+ 48. Kb4 {The position is equal.} Nf6 49. b7 Re8 50. Rxg5 {Rg7+ would kill now.} Kc7 51. Rg7+ Kb6 $1 52. Rf7 Nd5+ 53. Kc4 Nc7 54. Rf6 Kxb7 55. Rxd6 Re5 {Weighted Error Value: White=0.17 (very precise) /Black=0.17 (very precise) .  Mistake:       	White=6     	Black=4      Inaccurate:     	White=3     	Black=6      OK:         	White=15    	Black=14     Best:        	---       	Black=2      Strong:       	---       	Black=1} 1/2-1/2

[Event "45th FIDE Womens Olympiad 2024"]
[Site "Budapest"]
[Date "2024.09.12"]
[Round "2.86"]
[White "Voicu-Jagodzinsky, Carmen"]
[Black "Ahmed, Walijah"]
[Result "1-0"]
[ECO "B48"]
[WhiteElo "2271"]
[BlackElo "1936"]
[Annotator "ChessBase"]
[PlyCount "43"]
[EventDate "2024.09.05"]
[EventType "team-tourn"]
[EventCountry "HUN"]
[SourceTitle "playchess.com"]
[Source "ChessBase"]
[SourceQuality "1"]
[WhiteTeam "Romania"]
[BlackTeam "Bangladesh"]
[WhiteTeamCountry "ROU"]
[BlackTeamCountry "BAN"]
[TimeControl "40/5400+30:1800+30"]

1. e4 c5 2. Nf3 e6 3. d4 cxd4 4. Nxd4 Nc6 5. Nc3 Qc7 6. Be3 a6 7. a3 b5 8. Nxc6 Qxc6 9. Bd3 Bb7 10. Qd2 Rc8 11. O-O Nf6 12. Rae1 Be7 13. f4 Ng4 14. Bd4 Bc5 15. Bxc5 Qxc5+ 16. Kh1 d6 17. Be2 Nf6 18. e5 dxe5 19. fxe5 Nd7 20. Rxf7 Rd8 21. Rxg7 Qxe5 22. Qh6 1-0

[Event "45th FIDE Womens Olympiad 2024"]
[Site "Budapest"]
[Date "2024.09.12"]
[Round "2.87"]
[White "Nusrat Jahan, Alo"]
[Black "Lehaci, Miruna-Daria"]
[Result "0-1"]
[ECO "B22"]
[WhiteElo "2033"]
[BlackElo "2180"]
[Annotator "ChessBase"]
[PlyCount "82"]
[EventDate "2024.09.05"]
[EventType "team-tourn"]
[EventCountry "HUN"]
[SourceTitle "playchess.com"]
[Source "ChessBase"]
[SourceQuality "1"]
[WhiteTeam "Bangladesh"]
[BlackTeam "Romania"]
[WhiteTeamCountry "BAN"]
[BlackTeamCountry "ROU"]
[TimeControl "40/5400+30:1800+30"]

1. e4 c5 2. c3 Nf6 3. e5 Nd5 4. Nf3 e6 5. d4 cxd4 6. cxd4 Nc6 7. Bc4 Nb6 8. Bb5 a6 9. Be2 Be7 10. Nc3 d6 11. Be3 Nb4 12. O-O N4d5 13. Ne4 Nxe3 14. fxe3 d5 15. Ned2 Bd7 16. Qe1 Bb5 17. Bxb5+ axb5 18. Qe2 Nc4 19. a4 O-O 20. axb5 Nxb2 21. Nb3 Nc4 22. Rxa8 Qxa8 23. Ra1 Qe8 24. Nfd2 Qxb5 25. Rb1 Qa4 26. Ra1 Qb4 27. Rb1 Bg5 28. Nxc4 Qxc4 29. Kf2 Qc7 30. Nc5 b6 31. Na4 f6 32. Kg1 fxe5 33. h3 Qc6 34. Nb2 exd4 35. exd4 Bf6 36. Qe3 Qc2 37. Qxe6+ Kh8 38. Re1 Qxb2 39. Qf7 Qb4 40. Re8 Bxd4+ 41. Kh2 Bc5 0-1

[Event "45th FIDE Womens Olympiad 2024"]
[Site "Budapest"]
[Date "2024.09.12"]
[Round "2.88"]
[White "Ciolacu, Alessia-Mihaela"]
[Black "Wadifa, Ahmed"]
[Result "1/2-1/2"]
[ECO "D37"]
[WhiteElo "2160"]
[BlackElo "1988"]
[Annotator "ChessBase"]
[PlyCount "109"]
[EventDate "2024.09.05"]
[EventType "team-tourn"]
[EventCountry "HUN"]
[SourceTitle "playchess.com"]
[Source "ChessBase"]
[SourceQuality "1"]
[WhiteTeam "Romania"]
[BlackTeam "Bangladesh"]
[WhiteTeamCountry "ROU"]
[BlackTeamCountry "BAN"]
[TimeControl "40/5400+30:1800+30"]

1. d4 d5 2. c4 e6 3. Nc3 Nf6 4. Nf3 Nbd7 5. Bf4 a6 6. cxd5 exd5 7. e3 c6 8. h3 Be7 9. Bd3 O-O 10. Qc2 h6 11. Bh2 Ne8 12. O-O Bd6 13. Bxd6 Nxd6 14. b4 Nb6 15. a4 Qf6 16. Nd2 Bd7 17. Nb3 Nbc4 18. Nc5 Qe7 19. Rfe1 f5 20. b5 axb5 21. axb5 Rxa1 22. Rxa1 Nxb5 23. Nxb7 f4 24. Nxb5 cxb5 25. exf4 Rxf4 26. Nc5 Bc6 27. Nb3 Rf8 28. Nd2 Rxf2 29. Bxc4 Qe3 30. Nf1 Rxf1+ 31. Kxf1 dxc4 32. Rd1 Be4 33. Qf2 Bd3+ 34. Kg1 Qxf2+ 35. Kxf2 Kf7 36. Ke3 Ke6 37. Ra1 b4 38. Ra4 b3 39. Rb4 g6 40. Kd2 Kd5 41. Kc3 h5 42. Rb5+ Kc6 43. Rc5+ Kd6 44. Re5 Bf1 45. Rg5 Bd3 46. Ra5 Kc6 47. g3 Kd6 48. Rc5 Ke6 49. h4 Kd6 50. Rc8 Kd7 51. Rf8 Kd6 52. Rd8+ Ke7 53. Rb8 Kd6 54. Rd8+ Kc6 55. Rc8+ 1/2-1/2

[Event "45th FIDE Womens Olympiad 2024"]
[Site "Budapest"]
[Date "2024.09.12"]
[Round "2.89"]
[White "Tsolakidou, Stavroula"]
[Black "Pipiras, Filipa Fortuna"]
[Result "1/2-1/2"]
[ECO "B45"]
[WhiteElo "2444"]
[BlackElo "2187"]
[Annotator "TA"]
[PlyCount "104"]
[EventDate "2024.09.05"]
[EventType "team-tourn"]
[EventCountry "HUN"]
[SourceTitle "playchess.com"]
[Source "ChessBase"]
[SourceQuality "1"]
[WhiteTeam "Greece"]
[BlackTeam "Portugal"]
[WhiteTeamCountry "GRE"]
[BlackTeamCountry "POR"]
[TimeControl "40/5400+30:1800+30"]

1. e4 c5 2. Nf3 Nc6 3. d4 cxd4 4. Nxd4 Nf6 5. Nc3 e6 6. Ndb5 Bb4 7. a3 Bxc3+ 8. Nxc3 d5 9. exd5 exd5 10. Bd3 O-O 11. O-O d4 12. Ne2 Bg4 13. h3 Bxe2 14. Bxe2 Qb6 15. Qd3 Rfe8 16. Bf4 a6 17. Rad1 Nd5 18. Bc1 Rad8 19. Rfe1 h6 20. Qg3 Qc7 21. Qxc7 (21. Bxh6 $2 {loses.} Qxg3 22. fxg3 gxh6 $19) 21... Nxc7 22. Bf3 Ne6 23. b4 Re7 24. Bg4 Rf8 25. Bb2 {White is more active.} Rd8 26. Re4 Kf8 27. Rde1 Nc7 28. Rxe7 Nxe7 29. Bf3 Nc6 30. Rd1 Ne6 31. g3 Ke7 32. Bg2 g5 33. Kf1 Rd7 34. Be4 Ne5 35. Bf5 Nc4 36. Bc1 b5 37. Re1 Kf6 38. Be4 Rc7 39. Kg2 a5 40. Rh1 axb4 41. axb4 Ra7 42. Bc6 Ra2 43. Bxb5 Rxc2 44. Ba4 Rc3 45. Rd1 Nb6 46. Bb5 {The position is equal.} Rb3 47. Bd2 Rb2 48. Kf3 Nd5 49. Bc4 Nc3 50. Bxc3 dxc3 51. Bxe6 Kxe6 (51... c2 $5 52. Rc1 $8 Kxe6 $11) 52. Rc1 Rxb4 {Weighted Error Value: White=0.06 (flawless) /Black=0.06 (flawless) .  Inaccurate:     	White=3     	Black=3      OK:         	White=17    	Black=16     Best:        	White=2     	---} 1/2-1/2

[Event "45th FIDE Womens Olympiad 2024"]
[Site "Budapest"]
[Date "2024.09.12"]
[Round "2.90"]
[White "Silva, Mariana"]
[Black "Avramidou, Anastasia"]
[Result "1/2-1/2"]
[ECO "E62"]
[WhiteElo "2005"]
[BlackElo "2290"]
[Annotator "ChessBase"]
[PlyCount "77"]
[EventDate "2024.09.05"]
[EventType "team-tourn"]
[EventCountry "HUN"]
[SourceTitle "playchess.com"]
[Source "ChessBase"]
[SourceQuality "1"]
[WhiteTeam "Portugal"]
[BlackTeam "Greece"]
[WhiteTeamCountry "POR"]
[BlackTeamCountry "GRE"]
[TimeControl "40/5400+30:1800+30"]

1. d4 g6 2. c4 Bg7 3. Nf3 Nf6 4. Nc3 d6 5. g3 Bf5 6. Bg2 Ne4 7. Nd5 c6 8. Ne3 Bc8 9. O-O O-O 10. Qd3 d5 11. b3 a5 12. Bb2 e6 13. Nd1 Na6 14. a3 a4 15. b4 Nd6 16. Nd2 Nc7 17. e4 dxe4 18. Nxe4 Nf5 19. d5 exd5 20. cxd5 cxd5 21. Bxg7 Nxg7 22. Nec3 Bf5 23. Qd2 d4 24. Ne2 Re8 25. Bxb7 Rb8 26. Bg2 Nb5 27. Nb2 d3 28. Nc1 Qd4 29. Ncxd3 Red8 30. Rfd1 Nc3 31. Rdc1 Rbc8 32. Bf1 Ne6 33. Qe3 Qxe3 34. fxe3 Ng5 35. Kf2 Nce4+ 36. Kg1 Nc3 37. Kf2 Nce4+ 38. Kg1 Nc3 39. Kf2 1/2-1/2

[Event "45th FIDE Womens Olympiad 2024"]
[Site "Budapest"]
[Date "2024.09.12"]
[Round "2.91"]
[White "Pavlidou, Ekaterini"]
[Black "Silva, Ana Ines Teixeira Da"]
[Result "1-0"]
[ECO "D36"]
[WhiteElo "2141"]
[BlackElo "1925"]
[Annotator "NA"]
[PlyCount "93"]
[EventDate "2024.09.05"]
[EventType "team-tourn"]
[EventCountry "HUN"]
[SourceTitle "playchess.com"]
[Source "ChessBase"]
[SourceQuality "1"]
[WhiteTeam "Greece"]
[BlackTeam "Portugal"]
[WhiteTeamCountry "GRE"]
[BlackTeamCountry "POR"]
[TimeControl "40/5400+30:1800+30"]

1. d4 d5 2. c4 e6 3. Nc3 Nf6 4. cxd5 exd5 5. Bg5 c6 6. e3 h6 7. Bh4 Be7 8. Bd3 O-O 9. Qc2 Re8 10. Nge2 Nbd7 11. O-O a5 12. a3 b5 13. Rfc1 Ba6 14. h3 Qb8 15. Bg3 Qb7 16. Bf5 Nb6 17. Nf4 Nc4 18. Nd3 g6 19. Bg4 Nxg4 20. hxg4 Qd7 21. Qd1 Bc8 22. b3 Nxa3 23. Ne5 Qe6 24. Ne2 Bb7 25. Nf4 Qf6 26. Nfd3 a4 27. Nd7 Qg7 28. N7c5 Bxc5 29. Nxc5 axb3 30. Qxb3 Bc8 31. Rxa3 Bxg4 32. Rca1 Rac8 33. Ra7 h5 34. Be5 Rxe5 35. dxe5 Qxe5 36. Ra8 Kg7 37. Nd3 Qf6 38. Qb4 Qg5 39. Qd4+ Kh7 40. Rxc8 Bxc8 41. Ra8 Qf5 42. Ne5 c5 43. Qxd5 Be6 44. Qxc5 b4 45. Qd4 Qf6 46. Nf3 Qxd4 47. Nxd4 1-0

[Event "45th FIDE Womens Olympiad 2024"]
[Site "Budapest"]
[Date "2024.09.12"]
[Round "2.92"]
[White "Duque, Raquel Dos Santos"]
[Black "Markantonaki, Haritomeni"]
[Result "0-1"]
[ECO "A46"]
[WhiteElo "1913"]
[BlackElo "2179"]
[Annotator "ChessBase"]
[PlyCount "120"]
[EventDate "2024.09.05"]
[EventType "team-tourn"]
[EventCountry "HUN"]
[SourceTitle "playchess.com"]
[Source "ChessBase"]
[SourceQuality "1"]
[WhiteTeam "Portugal"]
[BlackTeam "Greece"]
[WhiteTeamCountry "POR"]
[BlackTeamCountry "GRE"]
[TimeControl "40/5400+30:1800+30"]

1. d4 Nf6 2. Nf3 e6 3. g3 d5 4. Bg2 b5 5. O-O Nbd7 6. Bg5 Be7 7. Qd3 a6 8. a4 b4 9. c4 bxc3 10. bxc3 a5 11. Re1 O-O 12. Nbd2 Ba6 13. Qc2 c5 14. e4 Nxe4 15. Nxe4 dxe4 16. Bxe7 Qxe7 17. Qxe4 Nf6 18. Qe5 Qa7 19. Nd2 Rac8 20. Nb3 cxd4 21. cxd4 Rc3 22. Rab1 Bd3 23. Rec1 Rfc8 24. Nc5 Bxb1 25. Rxc3 Ba2 26. Ne4 Rxc3 27. Nxc3 Bb3 28. Qb5 Bc2 29. Qc4 Qb8 30. Qb5 Qxb5 31. axb5 Nd7 32. Bc6 Nb8 33. Kf1 Kf8 34. Ke2 Ke7 35. Kd2 Bb3 36. Ne4 Ba4 37. Nc5 Nxc6 38. Nxa4 Nxd4 39. b6 Kd6 40. Kc3 Nf3 41. Nc5 Ne5 42. b7 Kc7 43. Kb3 Nc6 44. Ka4 Nd8 45. b8=Q+ Kxb8 46. Ne4 Kc7 47. Kxa5 Kc6 48. Kb4 Kd5 49. f3 f5 50. Nd2 Kd4 51. Kb3 Kd3 52. Nc4 Nc6 53. f4 Nd4+ 54. Kb4 Nf3 55. h4 Nd4 56. Nd6 Ke3 57. Ne8 g6 58. Ng7 Ne2 59. h5 Nxg3 60. Nxe6 gxh5 0-1

[Event "45th FIDE Womens Olympiad 2024"]
[Site "Budapest"]
[Date "2024.09.12"]
[Round "2.93"]
[White "Perez Rodriguez, Jennifer"]
[Black "Brunello, Marina"]
[Result "1-0"]
[ECO "A48"]
[WhiteElo "2224"]
[BlackElo "2348"]
[Annotator "TA"]
[PlyCount "93"]
[EventDate "2024.09.05"]
[EventType "team-tourn"]
[EventCountry "HUN"]
[SourceTitle "playchess.com"]
[Source "ChessBase"]
[SourceQuality "1"]
[WhiteTeam "Paraguay"]
[BlackTeam "Italy"]
[WhiteTeamCountry "PAR"]
[BlackTeamCountry "ITA"]
[TimeControl "40/5400+30:1800+30"]

1. d4 Nf6 2. Bf4 b6 3. e3 Bb7 4. Nf3 g6 5. h3 Bg7 6. Be2 O-O 7. O-O d6 8. a4 Nbd7 9. Nc3 Re8 10. Bh2 a6 {The position is equal.} 11. Qd3 e5 12. dxe5 dxe5 13. Qc4 Rc8 14. Rfd1 Qe7 15. e4 Bf8 16. Nd2 a5 17. f3 (17. Nf3 $11) 17... Nc5 18. Qa2 Nh5 19. Bc4 Bh6 20. Nf1 Rf8 21. Kh1 c6 22. Ne2 Rcd8 23. Qa3 Qg5 (23... Qc7 $11 {remains equal.}) 24. b4 Na6 (24... Ba6 $1 $14 25. Rxd8 (25. bxc5 Bxc4 26. Re1 b5 $11) 25... Rxd8 26. Bxa6 Nxa6) 25. bxa5 $18 bxa5 26. Qb2 Qe7 27. Bxe5 {Black must now prevent Nh2.} Rxd1 28. Rxd1 {[#] Bd6 is the strong threat.} Re8 29. Qb6 Qxe5 30. Qxb7 Nc7 31. Qxc6 {Threatens to win with Nh2.} Nf4 (31... Nf6 $142 32. Qd6 Qxd6 33. Rxd6 Ne6) 32. Qd6 $2 {[#]} (32. Nh2 $18 Nxe2 33. Ng4 (33. Bxe2 Re6 $16)) 32... Nxe2 $16 33. Qxe5 Rxe5 34. Bxe2 Rc5 {Repels Bc4} 35. c4 Bg5 36. Nd2 Bxd2 (36... Rc6 $16 37. g3 (37. Nb3 Rb6 $16) 37... Ne6) 37. Rxd2 {[%mdl 4096] Endgame. KRB-KRN} g5 38. Kg1 ({Don't take} 38. Rd8+ $6 Kg7 39. Rb8 h5 $18) 38... Kg7 39. Kf2 h5 40. g3 Kf6 41. Ke3 {White is clearly winning.} h4 42. gxh4 gxh4 43. f4 {Inhibits Rg5.} Rc6 44. Rb2 Na8 (44... Kg7 $142 45. Rb7 Na8) 45. e5+ $18 Ke7 46. Bf3 Rb6 47. Rb5 {Weighted Error Value: White=0.22 (precise) /Black=0.40.  Missed win:     	White=1     	---        Mistake:       	White=1     	Black=5      Inaccurate:     	White=4     	Black=5      OK:         	White=17    	Black=6      Best:        	---       	Black=1} 1-0

[Event "45th FIDE Womens Olympiad 2024"]
[Site "Budapest"]
[Date "2024.09.12"]
[Round "2.94"]
[White "Zimina, Olga"]
[Black "Vargas, Gabriela"]
[Result "1/2-1/2"]
[ECO "C00"]
[WhiteElo "2302"]
[BlackElo "2109"]
[Annotator "ChessBase"]
[PlyCount "196"]
[EventDate "2024.09.05"]
[EventType "team-tourn"]
[EventCountry "HUN"]
[SourceTitle "playchess.com"]
[Source "ChessBase"]
[SourceQuality "1"]
[WhiteTeam "Italy"]
[BlackTeam "Paraguay"]
[WhiteTeamCountry "ITA"]
[BlackTeamCountry "PAR"]
[TimeControl "40/5400+30:1800+30"]

1. Nf3 d5 2. g3 Nf6 3. Bg2 e6 4. O-O Be7 5. d3 O-O 6. Nbd2 c5 7. e4 Nc6 8. Re1 b5 9. e5 Nd7 10. Nf1 a5 11. h4 a4 12. a3 b4 13. Bf4 bxa3 14. bxa3 Ba6 15. Ne3 Nd4 16. Bh3 Rc8 17. Nd2 Nb6 18. Qg4 Kh8 19. h5 h6 20. Bf1 Rb8 21. Qd1 Bg5 22. Ng2 Bxf4 23. Nxf4 Nd7 24. Ra2 Qa5 25. Bg2 Qc7 26. c3 Nc6 27. Qxa4 Bb5 28. Qc2 Ndxe5 29. a4 Ba6 30. Nf3 Nxf3+ 31. Bxf3 Ne5 32. Bg2 c4 33. dxc4 Bxc4 34. Raa1 Rfc8 35. Qd2 Nc6 36. Bh3 Re8 37. Ng2 Ne5 38. Qe3 Nd3 39. Red1 Nc5 40. Nh4 Rb2 41. Bg2 Re2 42. Qf4 Qxf4 43. gxf4 Rc2 44. f5 Rxc3 45. fxe6 fxe6 46. Re1 Ra8 47. Ng6+ Kh7 48. a5 Ra6 49. Rab1 Bb3 50. Bf1 Rxa5 51. Nf8+ Kg8 52. Nxe6 Nxe6 53. Rxe6 Rac5 54. Re8+ Kf7 55. Rb8 Ba4 56. R1b4 Bd1 57. Rf4+ Ke7 58. Rg8 Bxh5 59. Rxg7+ Ke6 60. Rh7 Rc1 61. Rxh6+ Ke5 62. Rf8 Bg4 63. Re8+ Kf5 64. Kg2 Bf3+ 65. Kxf3 Rxf1 66. Rh5+ Kg6 67. Ree5 Rc2 68. Rhg5+ Kf6 69. Rgf5+ Kg6 70. Kg2 Rd1 71. Rxd5 Rxd5 72. Rxd5 Rc3 73. f3 Kf6 74. Kg3 Rc6 75. Kg4 Rc4+ 76. f4 Rc6 77. Rf5+ Kg6 78. Rg5+ Kf6 79. Rh5 Kg6 80. f5+ Kg7 81. Kg5 Ra6 82. Rh1 Rb6 83. Ra1 Rc6 84. Ra7+ Kf8 85. Rd7 Ra6 86. Kf4 Ke8 87. Rd5 Kf7 88. Ke5 Ke7 89. Rb5 Kf7 90. Rb7+ Kf8 91. Rd7 Ke8 92. Rd6 Rxd6 93. Kxd6 Kf7 94. Ke5 Ke7 95. f6+ Kf7 96. Kf5 Kf8 97. Kg5 Kf7 98. Kf5 Kf8 1/2-1/2

[Event "45th FIDE Womens Olympiad 2024"]
[Site "Budapest"]
[Date "2024.09.12"]
[Round "2.95"]
[White "Montiel Caceres, Helen"]
[Black "Gueci, Tea"]
[Result "0-1"]
[ECO "D35"]
[WhiteElo "1864"]
[BlackElo "2199"]
[Annotator "ChessBase"]
[PlyCount "118"]
[EventDate "2024.09.05"]
[EventType "team-tourn"]
[EventCountry "HUN"]
[SourceTitle "playchess.com"]
[Source "ChessBase"]
[SourceQuality "1"]
[WhiteTeam "Paraguay"]
[BlackTeam "Italy"]
[WhiteTeamCountry "PAR"]
[BlackTeamCountry "ITA"]
[TimeControl "40/5400+30:1800+30"]

1. d4 d5 2. c4 e6 3. Nc3 Nf6 4. cxd5 exd5 5. Bg5 Bb4 6. e3 h6 7. Bh4 g5 8. Bg3 Ne4 9. Qb3 c5 10. dxc5 Nc6 11. a3 Bxc3+ 12. bxc3 Nxc5 13. Qc2 Qf6 14. Rc1 Bf5 15. Qd1 O-O-O 16. Nf3 Ne4 17. Nd4 Nxg3 18. hxg3 Kb8 19. Qf3 Nxd4 20. cxd4 Qe6 21. Qh5 Bg4 22. Qh2 Rc8 23. Rxc8+ Qxc8 24. Kd2 Qc7 25. Be2 Qa5+ 26. Kd1 Bd7 27. g4+ Ka8 28. Bd3 Qxa3 29. Bc2 Rc8 30. Qxh6 Qa1+ 31. Ke2 Qb2 32. Qxg5 Qxc2+ 33. Kf3 f5 34. Kg3 fxg4 35. Qg7 Qc7+ 36. f4 gxf3+ 37. Kxf3 Bf5 38. Qxc7 Rxc7 39. Kf4 Rh7 40. Rc1 Bd7 41. Ke5 Bc6 42. g4 Re7+ 43. Kf4 Kb8 44. g5 Be8 45. Rh1 Bg6 46. Rh8+ Kc7 47. Rf8 Rf7+ 48. Rxf7+ Bxf7 49. Ke5 Kc6 50. Kf6 Bh5 51. g6 Bxg6 52. Kxg6 a5 53. Kf6 a4 54. Ke6 a3 55. e4 a2 56. exd5+ Kb6 57. d6 a1=Q 58. d7 Qxd4 59. Ke7 Kc7 0-1